 Dungeon Crawl Stone Soup version 0.31-a0-145-g046c7d2549 (webtiles) character file.

Game seed: 4369483607350372523

292 Dittersdorf the Covered (level 6, -3/39 HPs)
             Began as a Gargoyle Fighter on June 6, 2023.
             Slain by a centaur
             ... wielding a +0 dagger
              (7 damage)
             ... on level 3 of the Dungeon.
             The game lasted 00:03:49 (2926 turns).

Dittersdorf the Covered (Gargoyle Fighter)          Turns: 2926, Time: 00:03:50

Health: -3/39      AC: 14    Str: 22    XL:     6   Next: 33%
Magic:  6/6        EV:  8    Int:  8    God:
Gold:   204        SH:  4    Dex:  9    Spells: 5/5 levels left

rFire   . . .        a - +0 flail
rCold   . . .        c - +0 buckler
rNeg    + + .        p - +0 chain mail
rPois   ∞            (no helmet)
rElec   +            (no cloak)
rCorr   .            (no gloves)
SInv    .            (no boots)
Will    .....        (no amulet) Stlth
                     j - ring of flight
HPRegen 0.26/turn    m - ring of positive energy
MPRegen 0.10/turn

%: no passive effects
@: flying
A: sickness immunity, AC +4, negative energy resistance 1, electricity
resistance, torment resistance 1, petrification resistance
a: no special abilities


You were on level 3 of the Dungeon.
You visited 1 branch of the dungeon, and saw 4 of its levels.

You collected 204 gold pieces.

Inventory:

Hand Weapons
 a - a +0 flail (weapon)
Armour
 c - a +0 buckler (worn)
 p - a +0 chain mail (worn)
Jewellery
 j - a ring of flight (left hand)
 m - a ring of positive energy (right hand)
Scrolls
 b - a scroll of torment {unknown}
 e - a scroll of enchant armour {unknown}
 f - 2 scrolls of identify {unknown}
 h - a scroll of vulnerability {unknown}
 k - a scroll of teleportation {unknown}
 q - a scroll of silence {unknown}
Potions
 d - 2 potions of might
 g - a potion of brilliance {unknown}
 i - a potion of mutation {unknown}
 l - a potion of attraction {unknown}
 n - 3 potions of curing {unknown}
 o - a potion of ambrosia {unknown}
 r - a potion of heal wounds {unknown}


   Skills:
 + Level 4.6 Fighting
 + Level 3.5 Maces & Flails
 + Level 4.7 Armour
 + Level 4.7 Shields


You had 5 spell levels left.
You didn't know any spells.
Your spell library contained the following spells:

 Spells                   Type           Power      Damage    Failure   Level
 Slow                     Hex            0%         N/A       97%         1
 Confusing Touch          Hex            0%         N/A       100%        3
 Ozocubu's Armour         Ice            0%         N/A       100%        3
 Vampiric Draining        Necr           0%         2d6       100%        3
 Metabolic Englaciation   Hex/Ice        0%         N/A       100%        5
 Simulacrum               Ice/Necr       0%         N/A       100%        6


Dungeon Overview and Level Annotations

Branches:
Dungeon (4/15)
 Temple: D:4-7

Altars:
Nemelex Xobeh

Shops:
D:1 (


Innate Abilities, Weirdness & Mutations

You are immune to sickness and miasma.
Your stone body is resilient. (AC +4)
You are immune to poison.
You resist negative energy. (rN+)
You are resistant to electric shocks. (rElec)
You are resistant to unholy torment.
You are immune to petrification.


Message History

You barely miss the adder.
The adder bites you but does no damage. x2
You thump the adder!
You kill the adder!
You hit the centaur.
The centaur is lightly wounded.
The centaur unwields a +0 shortbow.
The centaur wields a +0 dagger.
The centaur hits you but does no damage.
The centaur kicks you but does no damage.
The centaur closely misses you. You block the centaur's attack.
You barely miss the centaur.
The centaur is lightly wounded.
You block the centaur's attack. x3
The centaur kicks you but does no damage.
You barely miss the centaur.
The centaur is lightly wounded.
The centaur hits you but does no damage.
The centaur kicks you but does no damage.
The centaur completely misses you.
The centaur kicks you but does no damage.
You hit the centaur.
The centaur is moderately wounded.
The centaur hits you but does no damage.
You block the centaur's attack.
You thump the centaur!
The centaur is severely wounded.
You block the centaur's attack. The centaur completely misses you.
The centaur hits you with a +0 dagger.
* * * LOW HITPOINT WARNING * * *
The centaur kicks you but does no damage.
You hit the centaur.
The centaur is almost dead.
The centaur hits you but does no damage.
The centaur closely misses you. The centaur barely misses you.
The centaur kicks you but does no damage.
You closely miss the centaur.
The centaur is almost dead.
The centaur hits you with a +0 dagger.
* * * LOW HITPOINT WARNING * * *
The centaur barely misses you. The centaur hits you with a +0 dagger!
You die...

#######..######.......###.# #
#....####....#...### #.# #
#.........##.....# #.#
####...#####.......### #.#
...............##.##.# #.#
....[................####.######
.###........##..####...........##
.....#.......#.####.............#
############..Jc@................
###.###...[(..........
#######/.###.............<.
#######......÷...#...............
..............>..#.............<.
#..§.....§.......#...............
..≈§≈≈≈.≈≈≈.#.#####...)...<.....#
#.§§......≈.#.# ##.....#.....##
#.§.≈≈≈≈≈.≈.#.# #############


You could see a centaur and an endoplasm.

Vanquished Creatures
  An ogre (D:4)
  2 hounds (D:4)
  An orc priest (D:3)
  An orc wizard (D:3)
  2 adders
  A worm (D:2)
  5 orcs (D:3)
  4 bats
  6 endoplasms
  A giant cockroach (D:1)
  12 goblins
  5 hobgoblins
  4 quokkas
  A ball python (D:3)
  3 frilled lizards
  10 kobolds
  11 rats
70 creatures vanquished.

Notes
Turn   | Place    | Note
-------+----------+-------------------------------------------
     0 | D:1      | Dittersdorf the Gargoyle Fighter began the quest for the
                  | Orb.
     0 | D:1      | Reached XP level 1. HP: 14/14 MP: 1/1
    86 | D:1      | Found a faded altar of an unknown god.
   265 | D:1      | Reached XP level 2. HP: 17/19 MP: 2/2
   477 | D:1      | Found Usualett's Antique Weapon Shoppe.
  1030 | D:2      | Reached XP level 3. HP: 23/23 MP: 3/3
  1468 | D:2      | You are sucked into a shaft and drop 1 floor!
  1515 | D:3      | Reached XP level 4. HP: 15/29 MP: 4/4
  1561 | D:3      | Reached XP level 5. HP: 6/33 MP: 5/5
  1775 | D:3      | Found a sparkling altar of Nemelex Xobeh.
  2415 | D:4      | Noticed a centaur
  2415 | D:4      | Noticed an ogre
  2820 | D:4      | Killed an ogre
  2821 | D:4      | Reached XP level 6. HP: 24/39 MP: 6/6
  2926 | D:3      | Slain by a centaur

Illustrated notes

Levels and vault maps discovered:
D:1:      kennysheep_arrival_forest, layout_loops_corners,
          chequers_ecumenical_altar_lobes, serial_shops, shop,
          minmay_box_of_dots
D:2:      layout_basic, serial_rivers, chequers_serial_rivers_large_a,
          chequers_serial_rivers_micro_a, chequers_serial_rivers_small_b,
          chequers_serial_rivers_small_a, chequers_serial_rivers_micro_c,
          st_stairs_9
D:3:      layout_rooms, mainiacjoe_overflow_concentric_impassable
D:4:      layout_layer_cave, minmay_temple_entry_antechambers,
          corexii_checkpoint_b, kennysheep_generic_room_2

Skill      XL: |  1  2  3  4 |
---------------+-------------+-----
Fighting       | 4 |  4.6
Armour         | 4 |  4.7
Shields        | 4 |  4.7
Maces & Flails | 3 |  3.5

Action                     |  1- 3 |  4- 6 || total
---------------------------+-------+-------++-------
  Melee: Flail             |   131 |   138 ||   269
 Armour: Scale mail        |    79 |    48 ||   127
         Chain mail        |       |    63 ||    63
  Dodge: Dodged            |    53 |    74 ||   127
  Block: Buckler           |    41 |    41 ||    82

Table legend: (Time is in decaauts)
 A = Elapsed time spent in this place.
 B = Non-inter-level travel time spent in this place.
 C = Inter-level travel time spent in this place.
 D = Time resting spent in this place.
 E = Time spent auto-exploring this place.
 F = Levels seen in this place.
 G = Mean time per level.
                   A        B        C        D        E       F      G
               +--------+--------+--------+--------+--------+-----+--------+
         Total |   3002 |   2863 |    139 |    269 |   1919 |   4 |  750.5 |
       Dungeon |   3002 |   2863 |    139 |    269 |   1919 |   4 |  750.5 |
               +--------+--------+--------+--------+--------+-----+--------+

Top non-repeatable levels by time:
     D:1: 943 daAuts
     D:2: 847 daAuts
     D:3: 779 daAuts
     D:4: 431 daAuts
